 Dungeon Crawl Stone Soup version 0.24.1-11-gbbbb2193e6 (webtiles) character file.

Game seed: 3803825466496761390, levelgen mode: deterministic

268 Mrkan the Shield-Bearer (level 6, -5/53 HPs)
             Began as a Gnoll Fighter on May 15, 2020.
             Slain by a scorpion (7 damage)
             ... on level 6 of the Dungeon.
             The game lasted 00:03:36 (1734 turns).

Mrkan the Shield-Bearer (Gnoll Fighter)             Turns: 1734, Time: 00:03:36

Health: -5/53      AC: 13    Str: 20    XL:     6   Next: 21%
Magic:  8/8        EV:  5    Int: 11    God:
Gold:   93         SH: 11    Dex: 14    Spells: 8/8 levels left

rFire    . . .     SeeInvis .   a - +0 trident
rCold    . . .     Gourm    .   c - +0 shield
rNeg     . . .     Faith    .   q - +0 plate armour
rPois    .         Spirit   .   (no helmet)
rElec    .         Reflect  .   (no cloak)
rCorr    .         Harm     .   (no gloves)
MR       .....                  (no boots)
Stlth    ..........             (no amulet)
HPRegen  0.17/turn              (no ring)
MPRegen  0.11/turn              (no ring)

@: lethally poisoned (-5 -> -8)
A: distributed training, fangs 1, strong nose
a: no special abilities


You were on level 6 of the Dungeon.
You were not hungry.

You visited 1 branch of the dungeon, and saw 4 of its levels.

You collected 93 gold pieces.

Inventory:

Hand Weapons
 a - a +0 trident (weapon)
Armour
 c - a +0 shield (worn)
 q - a +0 plate armour (worn)
Jewellery
 h - an uncursed ring of ice {unknown}
 j - an uncursed ring of stealth {unknown}
 k - an uncursed ring of see invisible {unknown}
 n - a +5 amulet of reflection {unknown}
Wands
 o - a wand of flame (19)
Scrolls
 d - a scroll of random uselessness {unknown}
 e - 3 scrolls of identify {unknown}
 i - a scroll of enchant weapon {unknown}
 l - a scroll of amnesia {unknown}
 m - a scroll of teleportation {unknown}
Potions
 g - 2 potions of flight {unknown}
 p - a potion of curing {unknown}
Comestibles
 f - 6 rations


   Skills:
 + Level 6.8 Fighting
 + Level 1.8 Short Blades
 + Level 1.8 Long Blades
 + Level 1.8 Axes
 + Level 1.8 Maces & Flails
 + Level 4.9 Polearms
 + Level 1.8 Staves
 + Level 1.8 Slings
 + Level 1.8 Bows
 + Level 1.8 Crossbows
 + Level 1.8 Throwing
 + Level 6.8 Armour
 + Level 1.8 Dodging
 + Level 1.8 Stealth
 + Level 6.8 Shields
 + Level 1.8 Unarmed Combat
 + Level 1.8 Spellcasting
 + Level 1.4 Conjurations
 + Level 1.4 Hexes
 + Level 1.4 Charms
 + Level 1.4 Summonings
 + Level 1.4 Necromancy
 + Level 1.4 Translocations
 + Level 1.4 Transmutations
 + Level 1.4 Fire Magic
 + Level 1.4 Ice Magic
 + Level 1.4 Air Magic
 + Level 1.4 Earth Magic
 + Level 1.4 Poison Magic
 + Level 2.0 Invocations
 + Level 1.8 Evocations


You had 8 spell levels left.
You didn't know any spells.
Your spell library was empty.

Dungeon Overview and Level Annotations

Branches:
Dungeon (3/15)

Altars:
Nemelex Xobeh


Innate Abilities, Weirdness & Mutations

Your experience applies equally to all skills.
You have very sharp teeth.
Your uncanny sense of smell can sniff out nearby items.


Message History

You feel sick. The scorpion stings you.
* * * LOW HITPOINT WARNING * * *
Your shield and plate armour prevent you from hitting the scorpion.
The scorpion is severely wounded.
You block the scorpion's attack.
You hit the scorpion but do no damage.
The scorpion is severely wounded.
You feel sick. The scorpion barely misses you.
You hit the scorpion but do no damage. Your bite misses the scorpion.
The scorpion is severely wounded.
The scorpion stings you.
* * * LOW HITPOINT WARNING * * *
You closely miss the scorpion.
The scorpion is severely wounded.
You feel sick. The scorpion stings you.
* * * LOW HITPOINT WARNING * * *
You hit the scorpion.
The scorpion is severely wounded.
The scorpion stings you!
You die...

#. #. #. #.##
##.###..#
........##
#.#.###..##
#...####s.#####
.......@#.....#
...#..........#
..........#...#
..........#####
..##....).# .
#......#
#......#
#......#
#......#


You could see a scorpion.

Vanquished Creatures
  2 scorpions (D:6)
  A bullfrog zombie (D:6)
  A hound (D:6)
  2 adders (D:2)
  An adder skeleton (D:3)
  3 worms
  2 dart slugs
  2 leopard geckos
  5 giant cockroaches
  8 goblins
  9 hobgoblins
  6 jackals (D:3)
  9 kobolds
  3 quokkas
  A ball python (D:2)
  4 bats
  8 frilled lizards
  12 rats
79 creatures vanquished.

Notes
Turn   | Place    | Note
-------+----------+-------------------------------------------
     0 | D:1      | Mrkan the Gnoll Fighter began the quest for the Orb.
     0 | D:1      | Reached XP level 1. HP: 23/23 MP: 1/1
   120 | D:1      | Reached XP level 2. HP: 29/29 MP: 2/2
   272 | D:1      | Reached XP level 3. HP: 33/35 MP: 3/3
   315 | D:1      | You fall into a shaft and drop 1 floor!
   343 | D:2      | Reached skill level 1 in Invocations
   417 | D:2      | Reached skill level 1 in Short Blades
   417 | D:2      | Reached skill level 1 in Long Blades
   417 | D:2      | Reached skill level 1 in Axes
   417 | D:2      | Reached skill level 1 in Maces & Flails
   417 | D:2      | Reached skill level 1 in Staves
   417 | D:2      | Reached skill level 1 in Slings
   417 | D:2      | Reached skill level 1 in Bows
   417 | D:2      | Reached skill level 1 in Crossbows
   417 | D:2      | Reached skill level 1 in Throwing
   417 | D:2      | Reached skill level 1 in Dodging
   417 | D:2      | Reached skill level 1 in Stealth
   417 | D:2      | Reached skill level 1 in Unarmed Combat
   417 | D:2      | Reached skill level 1 in Spellcasting
   417 | D:2      | Reached skill level 1 in Evocations
   494 | D:1      | Reached XP level 4. HP: 41/41 MP: 5/5
   865 | D:2      | Found a sparkling altar of Nemelex Xobeh.
  1323 | D:3      | Reached skill level 1 in Conjurations
  1323 | D:3      | Reached skill level 1 in Hexes
  1323 | D:3      | Reached skill level 1 in Charms
  1323 | D:3      | Reached skill level 1 in Summonings
  1323 | D:3      | Reached skill level 1 in Necromancy
  1323 | D:3      | Reached skill level 1 in Translocations
  1323 | D:3      | Reached skill level 1 in Transmutations
  1323 | D:3      | Reached skill level 1 in Fire Magic
  1323 | D:3      | Reached skill level 1 in Ice Magic
  1323 | D:3      | Reached skill level 1 in Air Magic
  1323 | D:3      | Reached skill level 1 in Earth Magic
  1323 | D:3      | Reached skill level 1 in Poison Magic
  1453 | D:3      | Noticed a phantom
  1454 | D:3      | You fall into a shaft and drop 3 floors!
  1461 | D:6      | Reached XP level 5. HP: 39/47 MP: 5/7
  1728 | D:6      | Reached XP level 6. HP: 16/53 MP: 8/8
  1733 | D:6      | HP: 1/53 [scorpion (4)]
  1734 | D:6      | Slain by a scorpion

Levels and vault maps discovered:
D:1:      psy_arrival_dodecagon, layout_loops_ring
D:2:      layout_loops_ring, nemelex_xobeh_ov_fountains_minmay,
          minmay_misc_feat_cross
D:3:      layout_rooms, xom_teletrap_fun
D:6:      layout_rooms, basic_altar, serial_shops, shop, minmay_misc_feat_iff,
          minivault_22

Skill      XL: |  1  2  3  4  5 |
---------------+----------------+-----
Invocations    | 1 2 |  2.0
Short Blades   | 1 |  1.8
Long Blades    | 1 |  1.8
Axes           | 1 |  1.8
Maces & Flails | 1 |  1.8
Staves         | 1 |  1.8
Slings         | 1 |  1.8
Bows           | 1 |  1.8
Crossbows      | 1 |  1.8
Throwing       | 1 |  1.8
Dodging        | 1 |  1.8
Stealth        | 1 |  1.8
Unarmed Combat | 1 |  1.8
Spellcasting   | 1 |  1.8
Evocations     | 1 |  1.8
Conjurations   | 1 |  1.4
Hexes          | 1 |  1.4
Charms         | 1 |  1.4
Summonings     | 1 |  1.4
Necromancy     | 1 |  1.4
Translocations | 1 |  1.4
Transmutations | 1 |  1.4
Fire Magic     | 1 |  1.4
Ice Magic      | 1 |  1.4
Air Magic      | 1 |  1.4
Earth Magic    | 1 |  1.4
Poison Magic   | 1 |  1.4
Fighting       | |  6.8
Polearms       | |  4.9
Armour         | |  6.8
Shields        | |  6.8

Action                   |  1- 3 |  4- 6 || total
-------------------------+-------+-------++-------
Melee: Trident           |    86 |   156 ||   242
       Bite              |     9 |    25 ||    34
  Use: Potion            |     1 |       ||     1
  Eat: Chunk             |       |     3 ||     3
Armor: Scale mail        |    37 |    17 ||    54
       Plate armour      |       |    68 ||    68
Dodge: Dodged            |    25 |    22 ||    47
Block: Shield            |    44 |    92 ||   136
